 Dungeon Crawl Stone Soup version 0.27.0-65-ge2af304b15 (webtiles) character file.

Game seed: 9126428718025764203

34 Thatpatchoflichen the Chiller (level 3, -1/26 HPs)
             Began as a Draconian Ice Elementalist on Aug 18, 2021.
             Hit by a goblin thrown by Robin (2 damage)
             ... on level 2 of the Dungeon.
             The game lasted 00:03:39 (1333 turns).

Thatpatchoflichen the Chiller (DrIE)                Turns: 1333, Time: 00:03:40

Health: -1/26      AC:  5    Str: 10    XL:     3   Next: 14%
Magic:  6/6        EV: 12    Int: 16    God:
Gold:   69         SH:  0    Dex: 11    Spells: 5/6 levels left

rFire    . . .     SeeInvis .   l - +4 mace
rCold    . . .     Faith    .   (no shield)
rNeg     . . .     Spirit   .   (armour unavailable)
rPois    .         Reflect  .   (helmet restricted)
rElec    .         Harm     .   (no cloak)
rCorr    .         Rampage  .   (no gloves)
Will     .....                  (no boots)
Stlth    ++........             (no amulet)
HPRegen  0.08/turn              k - ring of wizardry
MPRegen  0.10/turn              (no ring)

@: no status effects
A: AC +5, unfitting armour, cold-blooded
a: no special abilities


You were on level 2 of the Dungeon.
You visited 1 branch of the dungeon, and saw 2 of its levels.

You collected 69 gold pieces.

Inventory:

Hand Weapons
 e - a +0 club
 g - a +0 whip of draining
 l - a +4 mace (weapon)
Missiles
 b - 2 throwing nets
 c - 31 stones
 h - 20 sling bullets
 m - 11 arrows
Jewellery
 k - a ring of wizardry (left hand)
Wands
 n - a wand of flame (19)
Scrolls
 a - a scroll of amnesia {unknown}
 f - a scroll of summoning {unknown}
 i - a scroll of teleportation {unknown}
Potions
 d - a potion of curing {unknown}
 j - a potion of degeneration {unknown}


   Skills:
 - Level 2.0 Dodging
 - Level 1.7 Stealth
 - Level 2.0 Spellcasting
 + Level 5.0 Ice Magic


You had 5 spell levels left.
You knew the following spells:

 Your Spells              Type           Power      Damage    Failure   Level
a - Freeze                Ice            68%        1d8       1%          1

Your spell library contained the following spells:

 Spells                   Type           Power      Damage    Failure   Level
 Frozen Ramparts          Ice            34%        1d5       3%          3
 Ozocubu's Armour         Ice            17%        N/A       3%          3
 Hailstorm                Conj/Ice       9%         3d4       28%         4


Dungeon Overview and Level Annotations

Branches:
Dungeon (2/15)

Altars:
Beogh

Annotations:
D:2 Robin


Innate Abilities, Weirdness & Mutations

Your plain brown scales are hard. (AC +5)
You cannot fit into any form of body armour.
You are cold-blooded and may be slowed by cold attacks.


Message History

You kill the goblin!
Robin roars a battlecry!
The goblins go into a battle-frenzy!
Robin throws the goblin at you! The goblin closely misses you.
Your Ice Magic skill increases to level 5!
You barely miss the goblin. The goblin closely misses you.
The goblin barely misses you. x2
You barely miss the goblin. The goblin closely misses you.
The goblin hits you but does no damage. x2
You barely miss the goblin.
The goblin hits you but does no damage. x2
The goblin hits you with a +0 club. x4
You closely miss the goblin. The goblin misses you.
The goblin hits you but does no damage. The goblin closely misses you.
You hit the goblin.
The goblin is moderately wounded.
The goblin hits you but does no damage. The goblin closely misses you.
The goblin barely misses you.
Robin's bangles clink loudly.
The goblin barely misses you. The goblin hits you with a +0 club.
You hit the goblin.
The goblin is heavily wounded.
The goblin misses you. The goblin hits you but does no damage.
The goblin closely misses you. x2
You hit the goblin.
The goblin is severely wounded.
The goblin closely misses you. The goblin hits you with a +0 club. x2
You sock the goblin!
You kill the goblin!
The hobgoblin no longer looks unusually strong.
The goblin hits you with a +0 club.
* * * LOW HITPOINT WARNING * * *
The goblin hits you with a +0 club.
* * * LOW HITPOINT WARNING * * *
The goblin hits you but does no damage. The goblin completely misses you.
The goblin closely misses you.
Things that are here:
a +0 club; a +0 dagger The goblin no longer looks unusually strong.
Robin throws the goblin at you!
You die...

#.....#
#.....#
#....g#
...g.# .#
gg.# .# #g##
... #gg# ###.
. ##)# #.. #.
#@#####
#.##..
#.g...###
##.#...
#####...#
##..#.#
###.###..#..#
#.....##.##
#..####..#
#####
#####...##
####...#
##.######
#......#
##..###...


You could see Robin, a hobgoblin and 5 goblins.

Vanquished Creatures
  A gnoll (D:1)
  A dart slug (D:2)
  A ball python (D:1)
  An endoplasm (D:1)
  A giant cockroach (D:1)
  6 goblins
  2 hobgoblins (D:1)
  2 bats (D:1)
  A frilled lizard (D:1)
  3 kobolds
  2 rats (D:1)
21 creatures vanquished.

Notes
Turn   | Place    | Note
-------+----------+-------------------------------------------
     0 | D:1      | Thatpatchoflichen the Draconian Ice Elementalist began the
                  | quest for the Orb.
     0 | D:1      | Reached XP level 1. HP: 14/14 MP: 3/3
   468 | D:1      | Reached XP level 2. HP: 16/20 MP: 0/5
   937 | D:1      | Reached XP level 3. HP: 23/26 MP: 6/6
   953 | D:1      | Found a faded altar of an unknown god.
  1319 | D:2      | Noticed Robin
  1324 | D:2      | Reached skill level 5 in Ice Magic
  1331 | D:2      | HP: 1/26 [goblin[Robin] (6)]
  1333 | D:2      | Hit by a goblin thrown by Robin

Illustrated notes

Levels and vault maps discovered:
D:1:      scummos_arrival_forest, layout_rooms,
          hellmonk_ecumenical_altar_defaced_shrine, hangedman_glass_teeth
D:2:      layout_rooms, serial_glass, glass_columns_c, glass_columns_a,
          glass_columns_c, glass_columns_a, kennysheep_minor_cross, uniq_robin,
          uniq_jessica, uniq_sigmund

Skill      XL: |  1  2  3 |
---------------+----------+-----
Dodging        | 2 |  2.0
Ice Magic      | 5 |  5.0
Stealth        | |  1.7
Spellcasting   | |  2.0

Action                   || total
-------------------------++-------
Melee: Club              ||     8
       Tailslap          ||     4
       Unarmed           ||     1
       Whip              ||    17
       Mace              ||    13
 Cast: Freeze            ||    14
Armor: Skin              ||    27
Dodge: Dodged            ||    59
